 Dungeon Crawl Stone Soup version 0.31-a0-1388-g4b2ba238e7 (webtiles) character file.

Game seed: 10239094992750865245

551 MisterAzrael the Ruffian (level 7, -5/43 HPs)
             Began as an Octopode Shapeshifter on Dec 25, 2023.
             Slain by an ogre
             ... wielding a +0 giant spiked club
              (35 damage)
             ... on level 5 of the Dungeon.
             The game lasted 00:06:24 (3145 turns).

MisterAzrael the Ruffian (Octopode Shapeshifter)    Turns: 3145, Time: 00:06:24

Health: -5/43      AC:  1    Str: 15    XL:     7   Next: 29%
Magic:  7/7        EV: 18    Int: 13    God:
Gold:   261        SH:  0    Dex: 11    Spells: 6/6 levels left

rFire   . .          .
                       - Unarmed
rCold   . . .        (no shield)
rNeg    . . .        (helmet currently unavailable)
rPois   .            (no amulet)
rElec   .            l - +5 ring of evasion
rCorr   .            (no ring)
SInv    .            (no ring)
Will    .....        (no ring)
Stlth   ++           (no ring)
HPRegen 0.27/turn    (no ring)
MPRegen 0.10/turn    (no ring)
                     (no ring)

%: no passive effects
@: beast-form
A: beast (slay +3), almost no armour, amphibious, 8 rings, camouflage 1,
gelatinous body 1, (nimble swimmer 1), tentacles
a: Begin Untransformation


You were on level 5 of the Dungeon.
You were a hulking beast.
You visited 1 branch of the dungeon, and saw 6 of its levels.

You collected 261 gold pieces.

Inventory:

Missiles
 h - a throwing net
Magical Staves
 e - a staff of death
Jewellery
 l - a +5 ring of evasion (left tentacle)
Talismans
 b - a beast talisman
 c - a flux talisman
Wands
 n - a wand of charming (5)
Scrolls
 d - a scroll of revelation
 i - 2 scrolls of identify
 k - a scroll of brand weapon {unknown}
Potions
 a - 2 potions of lignification
 f - a potion of ambrosia
 g - a potion of curing {unknown}
 j - a potion of haste {unknown}
 m - a potion of resistance {unknown}
 o - a potion of might {unknown}


   Skills:
 - Level 1.0 Fighting
 - Level 2.0 Dodging
 + Level 6.1 Unarmed Combat
 + Level 5.7 Shapeshifting


You had 6 spell levels left.
You didn't know any spells.
Your spell library contained the following spells:

 Spells                   Type           Power      Damage    Failure   Level
 Summon Small Mammal      Summ           0%         N/A       30%         1
 Call Canine Familiar     Summ           0%         N/A       67%         3
 Summon Guardian Golem    Hex/Summ       0%         N/A       67%         3


Dungeon Overview and Level Annotations

Branches:
Dungeon (6/15)             Temple (0/1) D:5

Altars:
Trog
The Shining One

Shops:
D:1 [   D:4 **


Innate Abilities, Weirdness & Mutations

You are a hulking beast.
Your limbs bulge with bestial killing power. (Slay +3)
You cannot wear most types of armour.
You are amphibious.
You can wear up to eight rings at the same time.
Your skin changes colour to match your surroundings (Stealth+).
Your rubbery body absorbs attacks. (AC +1, EV +1)
((You are camouflaged when in or above water. (Stealth+)))
You have tentacles for arms and can constrict up to eight enemies at once.


Message History

You barely miss the phantom. You squeeze the phantom.
You destroy the phantom!
Your Unarmed Combat skill increases to level 6!
You bludgeon the iguana! You grab the iguana.
The iguana is heavily wounded.
You constrict the iguana, but do no damage.
The iguana misses you.
You tentacle-slap the iguana. You squeeze the iguana.
The iguana is almost dead.
You constrict the iguana, but do no damage.
The iguana bites you!
You bludgeon the iguana!
You kill the iguana!
No target in view!
No target in view!
No target in view!
A shadow imp comes into view.
A shadow imp is nearby!
A shadow imp is nearby!
The shadow imp shouts!
The shadow imp hits you.
You bludgeon the shadow imp! You grab the shadow imp.
You squeeze the shadow imp.
You kill the shadow imp!
No target in view!
No target in view!
No target in view!
You open the door.
Found a staircase to the Ecumenical Temple.
There is an open door here.
An ogre comes into view. It is wielding a +0 giant spiked club.
The ogre shouts!
The ogre hits you with a +0 giant spiked club!
You tentacle-slap the ogre. You squeeze the ogre.
The ogre is moderately wounded.
You bludgeon the ogre!
The ogre is heavily wounded.
The ogre hits you with a +0 giant spiked club!!
Ouch! That really hurt!
You die...

### ## #.. #.
######.# .#
##....#.###.#
##...........#
#........##..#
#.......##..#
#######.##h.# #.##.O#
#############.##..###
.....................
..####.##############
#.# #.# #.# #.#


You could see an ogre.

Vanquished Creatures
  2 phantoms (D:5)
  A howler monkey (D:5)
  3 orc priests
  An iguana (D:5)
  An orc wizard (D:3)
  5 adders
  7 gnolls
  A shadow imp (D:5)
  2 worms
  A dart slug (D:3)
  2 orcs
  10 ball pythons
  5 bats
  8 endoplasms
  A giant cockroach (D:2)
  4 goblins
  9 hobgoblins
  11 jackals
  11 kobolds
  4 quokkas
  2 frilled lizards
  8 rats
99 creatures vanquished.

Notes
Turn   | Place    | Note
-------+----------+-------------------------------------------
     0 | D:1      | MisterAzrael the Octopode Shapeshifter began the quest for
                  | the Orb.
     0 | D:1      | Reached XP level 1. HP: 13/13 MP: 1/1
    55 | D:1      | Reached XP level 2. HP: 18/18 MP: 2/2
   459 | D:1      | Found Neholuti's Antique Armour Boutique.
   734 | D:1      | Reached XP level 3. HP: 23/23 MP: 3/3
   991 | D:2      | Identified the +2 pair of gloves of the Present {Slay+4}
  1068 | D:2      | Reached skill level 4 in Unarmed Combat
  1068 | D:2      | Reached XP level 4. HP: 23/28 MP: 4/4
  1770 | D:2      | Reached XP level 5. HP: 21/33 MP: 5/5
  2053 | D:3      | Found a glowing golden altar of the Shining One.
  2511 | D:3      | Noticed a moth of wrath
  2515 | D:3      | Found a bloodstained altar of Trog.
  2589 | D:4      | Found Xiofyrop's General Store.
  2694 | D:4      | Found Apsawk's General Store.
  2702 | D:4      | You fall into a shaft and drop 2 floors!
  2713 | D:5      | Entered Level 5 of the Dungeon
  2734 | D:5      | Reached skill level 5 in Unarmed Combat
  2743 | D:5      | Reached XP level 6. HP: 30/38 MP: 6/6
  2839 | D:5      | Reached skill level 5 in Shapeshifting
  2971 | D:5      | Reached XP level 7. HP: 42/43 MP: 7/7
  2982 | D:5      | Reached skill level 6 in Unarmed Combat
  3095 | D:5      | Found a staircase to the Ecumenical Temple.
  3145 | D:5      | Slain by an ogre

Illustrated notes

Levels and vault maps discovered:
D:1:      sevenhm_arrival_forest_fort_small_6, layout_basic, serial_shops,
          shop_fountains
D:2:      layout_loops_ring
D:3:      layout_basic, tso_altar, tgw_trog, kennysheep_orc_chapel
D:4:      kennysheep_the_goblin_king, layout_loops_cross, serial_shops,
          nicolae_shop_real_fake_doors, shop, shop, enter_ossuary_3
D:5:      layout_loops_ring, makhleb_blood_cavern_becter,
          lemuel_coloured_pillars_altar, minmay_temple_entry_enclosed_plants,
          uniq_crazy_yiuf_cottage
D:6:      layout_rooms, serial_shops, shop_fountains, hangedman_decor_lopped,
          nicolae_concentric_dashed_squares_mild, minmay_between, uniq_pikel

Skill      XL: |  1  2  3  4  5  6  7 |
---------------+----------------------+-----
Unarmed Combat | 4 5 6 |  6.1
Shapeshifting  | 4 5 |  5.7
Fighting       | |  1.0
Dodging        | |  2.0

Action                     |  1- 3 |  4- 6 |  7- 9 || total
---------------------------+-------+-------+-------++-------
  Melee: Unarmed           |    62 |   134 |    17 ||   213
         Constrict         |    16 |    27 |     2 ||    45
         Tentacles         |    10 |    19 |     5 ||    34
         Punch             |       |     2 |       ||     2
    Use: Scroll            |       |     4 |       ||     4
   Stab: Sleeping          |     8 |     8 |       ||    16
 Armour: Skin              |    16 |    58 |     6 ||    80
  Dodge: Dodged            |    47 |   101 |     7 ||   155

Table legend: (Time is in decaauts)
 A = Elapsed time spent in this place.
 B = Non-inter-level travel time spent in this place.
 C = Inter-level travel time spent in this place.
 D = Time resting spent in this place.
 E = Time spent auto-exploring this place.
 F = Levels seen in this place.
 G = Mean time per level.
                   A        B        C        D        E       F      G
               +--------+--------+--------+--------+--------+-----+--------+
         Total |   3127 |   2992 |    135 |    181 |   2203 |   6 |  521.2 |
       Dungeon |   3127 |   2992 |    135 |    181 |   2203 |   6 |  521.2 |
               +--------+--------+--------+--------+--------+-----+--------+

Top non-repeatable levels by time:
     D:1: 954 daAuts
     D:2: 843 daAuts
     D:3: 779 daAuts
     D:5: 426 daAuts
     D:4: 113 daAuts
     D:6: 10 daAuts
